 Dungeon Sprint DCSS version 0.27-a0-1512-g99fd57bada (webtiles) character file.

Game seed: 10645617021451323353

7 Conn the Firebug (level 2, -4/17 HPs)
             Began as an Octopode Fire Elementalist on July 9, 2021.
             Slain by a worm (11 damage)
             ... in the Dungeon (Sprint II: "The Violet Keep of Menkaure").
             The game lasted 00:01:36 (43 turns).

Conn the Firebug (Octopode Fire Elementalist)         Turns: 43, Time: 00:01:37

Health: -4/17      AC:  1    Str:  7    XL:     2   Next: 0%
Magic:  5/5        EV: 13    Int: 17    God:
Gold:   0          SH:  0    Dex: 12    Spells: 4/5 levels left

rFire    . . .     SeeInvis .   (no weapon)
rCold    . . .     Faith    .   (no shield)
rNeg     . . .     Spirit   .   (helmet restricted)
rPois    .         Reflect  .   (no amulet)
rElec    .         Harm     .   (no ring)
rCorr    .         Rampage  .   (no ring)
Will     .....     NoTele   +   (no ring)
Stlth    +++.......             (no ring)
HPRegen  0.05/turn              (no ring)
MPRegen  0.09/turn              (no ring)
                                (no ring)
                                (no ring)

@: on berserk cooldown, hasted and slowed
A: almost no armour, amphibious, 8 rings, camouflage 1, gelatinous body 1,
(nimble swimmer 1), tentacles
a: no special abilities


You were in the Dungeon.
You visited 1 branch

Inventory:

Scrolls
 f - a scroll of blinking
Potions
 a - a potion of curing
 d - a potion of magic


   Skills:
 + Level 0.1 Fighting
 + Level 2.2 Dodging
 + Level 3.2 Stealth
 - Level 0.2 Unarmed Combat
 + Level 2.4 Spellcasting
 + Level 1.1 Conjurations
 + Level 4.1 Fire Magic


You had 4 spell levels left.
You knew the following spells:

 Your Spells              Type           Power      Damage    Failure   Level
a - Foxfire               Conj/Fire      44%        2x1d6     6%          1

Your spell library contained the following spells:

 Spells                   Type           Power      Damage    Failure   Level
 Conjure Flame            Conj/Fire      11%        6-21      19%         3
 Inner Flame              Hex/Fire       9%         N/A       24%         3
 Sticky Flame             Conj/Fire      11%        2d3       54%         4
 Fireball                 Conj/Fire      5%         3d5       87%         5


Dungeon Overview and Level Annotations

Branches:
Dungeon (1/1)

Altars:

Annotations:
D exclusion: obsidian statue


Innate Abilities, Weirdness & Mutations

You cannot wear most types of armour.
You are amphibious.
You can wear up to eight rings at the same time.
Your skin changes colour to match your surroundings (Stealth+).
Your rubbery body absorbs attacks. (AC +1, EV +1)
((You are camouflaged near water. (Stealth+)))
You have tentacles for arms and can constrict up to eight enemies at once.


Message History

You tentacle-slap the worm.
You kill the worm!
Your Fire Magic skill increases to level 4!
You have reached level 2!
There is a staircase leading out of the dungeon here.
You feel a strong urge to attack something.
You feel your anger nearly subside.
You are no longer berserk.
You are exhausted.
You feel yourself slow down.
Casting: Foxfire (safe; 6% risk of failure)
Confirm with . or Enter, or press ? or * to list all spells.
You conjure some foxfire!
The foxfire hits the worm.
The worm is lightly wounded.
The foxfire hits the worm.
The worm is moderately wounded.
Unknown command.
The worm closely misses you. The worm barely misses you.
There is an open door here.
Found 243 gold pieces.
You see here 243 gold pieces.
You open the door.
A water moccasin comes into view.
The water moccasin barely misses you. The worm closely misses you.
Marking area around an obsidian statue as unsafe for travelling.
You feel yourself speed up. The water moccasin closely misses you.
The water moccasin misses you. The worm barely misses you.
Okay, then.
You feel much better. The water moccasin barely misses you.
Magic courses through your body. The water moccasin misses you.
The water moccasin barely misses you. The worm bites you.
Casting: Foxfire (safe; 6% risk of failure)
Confirm with . or Enter, or press ? or * to list all spells.
Okay, then.
Unknown command.
Unknown command.
The water moccasin bites you. The worm bites you!
Ouch! That really hurt!
You die...

.○.°.
.8○. .°°
○○°
++#+++
.... ##'#
##S$###
#@w##.# #
##.#.#
##. ##'#
#.B$##.##
#+.<.+
#..B##.##
##. #+# #
.## 3#


You could see a water moccasin and a worm.

Vanquished Creatures
  2 worms (D)
2 creatures vanquished.

Vanquished Creatures (others)
  6 foxfires (D)
6 creatures vanquished.

Grand Total: 8 creatures vanquished

Notes
Turn   | Place    | Note
-------+----------+-------------------------------------------
     0 | D        | Conn the Octopode Fire Elementalist began the quest for the
                  | Orb.
     0 | D        | Reached XP level 1. HP: 11/11 MP: 3/3
     1 | D        | Noticed a boulder beetle
     1 | D        | Noticed a boulder beetle
     4 | D        | Noticed a neqoxec
    24 | D        | Reached skill level 4 in Fire Magic
    24 | D        | Reached XP level 2. HP: 8/17 MP: 1/5
    38 | D        | Noticed an obsidian statue
    38 | D        | Noticed a water moccasin
    43 | D        | Slain by a worm

Illustrated notes

Levels and vault maps discovered:
D:        the_violet_keep_of_menkaure [sprint2_stairs_cluster_1,
          sprint2_shoproom, sprint2_temple, sprint2_basic_supplies,
          sprint2_obstacle_5, sprint2_obstacle_6, sprint2_obstacle_3,
          sprint2_obstacle_1, sprint2_obstacle_7, sprint2_timed_cluster_1,
          sprint2_smallroom_cluster_1, sprint2_smallroom_final_cluster_1,
          sprint2_transparent_cluster_1, sprint2_second_timed_cluster_1,
          sprint2_sniper_area_1, sprint2_heavy_combat_area_1,
          sprint2_mutation_trap_area_1, sprint2_forest_area_1,
          sprint2_light_combat_area_1, sprint2_behind_water_1,
          sprint2_near_end_vault_1]

Skill      XL: |  1 |
---------------+----+-----
Stealth        | 3 |  3.2
Fire Magic     | 4 |  4.1
Fighting       | |  0.1
Dodging        | |  2.2
Unarmed Combat | |  0.2
Spellcasting   | |  2.4
Conjurations   | |  1.1

Action                   || total
-------------------------++-------
Melee: Unarmed           ||     6
       Constrict         ||     2
       Tentacles         ||     1
 Cast: Foxfire           ||     4
  Use: Potion            ||     4
Dodge: Dodged            ||    10

Table legend: (Time is in decaauts)
 A = Elapsed time spent in this place.
 B = Non-inter-level travel time spent in this place.
 C = Inter-level travel time spent in this place.
 D = Time resting spent in this place.
 E = Time spent auto-exploring this place.
 F = Levels seen in this place.
 G = Mean time per level.
                   A        B        C        D        E       F      G
               +--------+--------+--------+--------+--------+-----+--------+
         Total |     47 |     47 |      0 |      0 |      0 |   1 |   47.0 |
       Dungeon |     47 |     47 |      0 |      0 |      0 |   1 |   47.0 |
               +--------+--------+--------+--------+--------+-----+--------+

Top non-repeatable levels by time:
       D: 47 daAuts
